cohdb
Replays
Latest Replays
All Replays
Popular Replays
Top Player Replays
Match Explorer
How It Works
Community
CoH3 Stats
Reddit
Sign in to upload your games and track your stats! →
Sign in with Steam
2v2 vs Rank no.1 with Tiger , GG
Match 22164759
Overview
Messages
Build Orders
End
Construct Infanterie Kompanie
Kettenkrad Recon Vehicle
Grenadier Squad
Grenadier Squad
Selects Breakthrough Battlegroup
Selects Assault Grenadiers
Grenadier Squad
Construct Luftwaffe Kompanie
221 Scout Car
MG 42 Machine Gun Team
Selects Breakthrough
Selects Mechanized Assault Group
Construct Panzer Kompanie
Jäger Squad
Selects Rapid Production
Panzer IV Medium Tank
Jäger Squad
Mechanized Assault Group
Selects Blitzkrieg
Construct Panzergrenadier Kompanie
Support Elements
Nebelwerfer 42 Rocket Launcher Team
Pioneer Squad
Panzer IV Medium Tank
Nebelwerfer 42 Rocket Launcher Team
Selects Tiger Heavy Tank
Pioneer Squad
Blitzkrieg
Tiger Heavy Tank
Blitzkrieg
Blitzkrieg
Side Skirts
Panzer Officer Quarters
Blitzkrieg
PaniCoC
Rey de Hierro
Havoc
RtN.momo4sho
0
0
Comments
sign in to comment!
No comments posted yet!